 Dungeon Crawl Stone Soup version 0.30.0-30-g96aa6591b8 (webtiles) character file.

Game seed: 13221390278438444999

11650 McKennaii the Destroyer (level 11, -29/74 HPs)
             Began as a Demigod Conjurer on June 27, 2023.
             Annihilated by a two-headed ogre
             ... wielding a +0 giant club
              (37 damage)
             ... on level 11 of the Dungeon.
             The game lasted 00:19:57 (14566 turns).

McKennaii the Destroyer (Demigod Conjurer)         Turns: 14566, Time: 00:19:58

Health: -29/74     AC:  5    Str:  7    XL:     11   Next: 27%
Magic:  3/29       EV: 11    Int: 36    God:
Gold:   661        SH:  0    Dex: 12    Spells: 16/29 levels left

rFire   + . .        u - +5 great sword of the Viper {flame, rC+ rN+ Str-4}
rCold   + + .        (shield currently unavailable)
rNeg    + + .        C - +0 leather armour of Mysticism {rC+ Int+4}
rPois   .            y - +0 helmet of the Fisher {Fly Str+3}
rElec   .            R - scarf {harm}
rCorr   .            x - +0 pair of gloves
SInv    .            (no boots)
Will    +....        (no amulet)
Stlth   ++           f - ring of protection from fire
HPRegen 0.32/turn    m - ring of positive energy
MPRegen 0.21/turn

%: harm (+30% outgoing, +20% incoming)
@: flying
A: high MP 1, forlorn, divine attributes
a: no special abilities


You were on level 11 of the Dungeon.
You visited 1 branch of the dungeon, and saw 11 of its levels.
You also visited: Bailey.

You collected 661 gold pieces.

Inventory:

Hand Weapons
 u - the +5 great sword of the Viper (weapon) {flame, rC+ rN+ Str-4}
   (You found it on level 4 of the Dungeon)

   Str:       It affects your strength (-4).
   rC:        It protects you from cold.
   rN:        It protects you from negative energy.
 S - the +8 war axe of Wetat {elec, Will+}
   (You took it off an orc warrior on level 10 of the Dungeon)

   Will:      It increases your willpower.
Armour
 x - a +0 pair of gloves (worn)
 y - the +0 helmet of the Fisher (worn) {Fly Str+3}
   (You took it off Robin on level 3 of the Dungeon)

   Str:       It affects your strength (+3).
   Fly:       It grants you flight.
 C - the +0 leather armour of Mysticism (worn) {rC+ Int+4}
   (You found it on level 5 of the Dungeon)

   Int:       It affects your intelligence (+4).
   rC:        It protects you from cold.
 R - a scarf of harm (worn)
Magical Staves
 v - a staff of fire
Jewellery
 f - a ring of protection from fire (left hand)
 m - a ring of positive energy (right hand)
 z - a ring of fire
 G - a ring of protection from fire
 L - a ring of protection from cold
 Q - a ring of protection from cold
Wands
 D - a wand of mindburst (12)
 E - a wand of iceblast (5)
 K - a wand of polymorph (9)
Scrolls
 c - a scroll of fog
 e - 4 scrolls of immolation
 l - a scroll of blinking
 n - 3 scrolls of poison
 q - 4 scrolls of brand weapon
 s - 4 scrolls of teleportation
 w - 4 scrolls of enchant armour
 A - a scroll of amnesia {unknown}
 F - a scroll of torment {unknown}
 H - a scroll of summoning
 M - a scroll of enchant weapon {unknown}
 N - a scroll of magic mapping {unknown}
 O - 2 scrolls of fear {unknown}
Potions
 a - 7 potions of haste
 b - 5 potions of magic
 d - 8 potions of heal wounds
 g - 2 potions of might
 h - 2 potions of brilliance
 i - 2 potions of flight
 j - 2 potions of attraction {unknown}
 k - 7 potions of mutation {unknown}
 o - 3 potions of resistance {unknown}
 p - 4 potions of curing {unknown}
 t - 6 potions of degeneration
 B - 2 potions of lignification {unknown}
 I - a potion of cancellation {unknown}
 J - 3 potions of berserk rage {unknown}
 P - 3 potions of invisibility {unknown}


   Skills:
 - Level 4.0 Armour
 - Level 1.7 Dodging
 - Level 1.7 Stealth
 + Level 9.6 Spellcasting
 + Level 11.0 Conjurations
 * Level 7.6 Earth Magic


You had 16 spell levels left.
You knew the following spells:

 Your Spells              Type           Power      Damage    Failure   Level
a - Magic Dart            Conj           100%       1d8       1%          1
b - Searing Ray           Conj           100%       2d8       1%          2
c - Iskenderun's Mystic   Conj/Tloc      55%        2d12      3%          4
d - Iron Shot             Conj/Erth      35%        9d7       12%         6

Your spell library contained the following spells:

 Spells                   Type           Power      Damage    Failure   Level
 Passwall                 Tmut/Erth      36%        N/A       1%          2
 Dazzling Flash           Conj/Hex       100%       N/A       1%          3
 Apportation              Tloc           34%        N/A       3%          1
 Beastly Appendage        Tmut           34%        N/A       3%          1
 Fulminant Prism          Conj/Hex       27%        3d13      3%          4
 Ensorcelled Hibernation  Hex/Ice        34%        N/A       5%          2
 Sublimation of Blood     Necr           17%        N/A       5%          2
 Wereblood                Tmut           17%        N/A       5%          2
 Animate Armour           Summ/Erth      88%        N/A       8%          4
 Spider Form              Tmut/Pois      17%        N/A       11%         3
 Swiftness                Air            17%        N/A       11%         3
 Alistair's Intoxication  Tmut/Pois      11%        N/A       67%         5
 Blade Hands              Tmut           8%         N/A       67%         5
 Malign Gateway           Summ/Tloc      8%         N/A       100%        7
 Summon Hydra             Summ           8%         N/A       100%        7
 Summon Horrible Things   Summ           8%         N/A       100%        8


Dungeon Overview and Level Annotations

Branches:
Dungeon (11/15)            Temple (0/1) D:4            Lair (0/5) D:9
    Orc (0/2) D:10         Bailey (visited)

Shops:
D:7 !   D:10 (


Innate Abilities, Weirdness & Mutations

You have an increased reservoir of magic. (+10% MP)
You shall have no god before yourself.
Your divine heritage dramatically boosts your attributes as you level up.


Message History

The shadow flickers and vanishes!
Deactivating autopickup; reactivate with Ctrl-A.
Casting: Iskenderun's Mystic Blast (dangerous; 3% risk of failure)
Confirm with . or Enter, or press ? or * to list all spells.
You erupt in a blast of force!
The mystic blast hits the two-headed ogre but does no damage.
The two-headed ogre is moderately wounded.
The mystic blast hits something.
Unknown command.
The two-headed ogre attacks as you move away!
The two-headed ogre barely misses you.
The two-headed ogre hits you with a +0 giant spiked club!!
The sentinel's mark upon you fades away.
The shadow strikes at you from the darkness!
Reactivating autopickup.
Casting: Iskenderun's Mystic Blast (dangerous; 3% risk of failure)
Confirm with . or Enter, or press ? or * to list all spells.
You erupt in a blast of force!
The mystic blast hits the two-headed ogre.
The two-headed ogre is moderately wounded.
The mystic blast hits the shadow!
The shadow is moderately damaged.
The shadow is knocked back by the mystic blast.
A gargoyle comes into view. It is wielding a +2 mace of draining.
Unknown command.
Unknown command.
The shadow slips into darkness.
The shadow flickers and vanishes!
Deactivating autopickup; reactivate with Ctrl-A.
Casting: Iskenderun's Mystic Blast (dangerous; 3% risk of failure)
Confirm with . or Enter, or press ? or * to list all spells.
You don't have enough magic to cast this spell.
Unknown command.
The two-headed ogre attacks as you move away!
The two-headed ogre hits you with a +0 giant club!!
Ouch! That really hurt!
* * * LOW HITPOINT WARNING * * *
The two-headed ogre hits you with a +0 giant spiked club!!
Ouch! That really hurt!
You die...

####...#......#
#.....##....... .. #.....#
......# .. #.....# .....##
#. #.....##.....# ###.
#......####### #.<
#.......#### #.#
#######.9..#####.#####.#.#
####....O@{.........
#######...###.#. #..##
##.## ####..# #######
##.....# ..#...##
###......#
.......###...######
........##..##


You could see a two-headed ogre and a gargoyle.

Vanquished Creatures
  The ghost of fedoskokos the Skirmisher, a novice FoHu (D:6)
  An orc knight (Bailey)
  Pikel (D:6)
  The ghost of beardedkeet the Cleaver, a novice MiBe of Trog (D:5)
  Maggie (D:6)
  3 unseen horrors
  A troll (D:9)
  3 slime creatures (D:10)
  Sigmund (D:3)
  A shadow (D:11)
  2 wyverns
  12 yaks (D:10)
  2 steam dragons
  Grum (D:8)
  Menkaure (D:6)
  A water moccasin (D:8)
  2 ice beasts
  2 sky beasts (D:7)
  7 orc warriors
  4 ogres
  9 centaurs
  8 wolves
  2 phantoms
  5 kobold brigands
  2 gnoll sergeants
  4 bullfrogs
  2 scorpions
  4 wights
  5 killer bees (D:9)
  3 howler monkeys (D:8)
  An electric eel (D:9)
  A wyvern simulacrum (D:6)
  6 hounds
  A sleepcap (D:5)
  2 orc priests
  2 iguanas
  Terence (D:3)
  3 orc wizards
  A centaur simulacrum (D:6)
  Robin (D:3)
  18 gnolls
  7 adders
  A howler monkey skeleton (D:6)
  A white imp (D:6)
  2 ufetubi
  3 worms (D:2)
  A dart slug (D:1)
  45 orcs
  7 endoplasms
  4 giant cockroaches
  9 goblins
  11 hobgoblins
  3 quokkas
  3 ball pythons
  3 bats
  4 frilled lizards
  22 kobolds
  5 rats
260 creatures vanquished.

Notes
Turn   | Place    | Note
-------+----------+-------------------------------------------
     0 | D:1      | McKennaii the Demigod Conjurer began the quest for the Orb.
     0 | D:1      | Reached XP level 1. HP: 14/14 MP: 5/5
   512 | D:1      | Reached XP level 2. HP: 20/20 MP: 4/7
   767 | D:1      | Reached skill level 4 in Conjurations
  1201 | D:1      | Learned a level 2 spell: Searing Ray
  1256 | D:2      | Identified the +2 robe of Inevitability {rN+ Str+3 Int-3
                  | Stlth+}
  1463 | D:2      | Reached XP level 3. HP: 26/26 MP: 4/9
  2467 | D:3      | Noticed Sigmund
  2472 | D:3      | Killed Sigmund
  2473 | D:3      | Reached skill level 5 in Conjurations
  2473 | D:3      | Reached XP level 4. HP: 25/33 MP: 2/12
  2473 | D:3      | Reached XP level 5. HP: 29/38 MP: 2/13
  2578 | D:3      | Identified the +0 helmet of the Fisher {Fly Str+3}
  2578 | D:3      | Noticed Robin
  2756 | D:3      | Noticed Terence
  2899 | D:3      | Killed Terence
  3245 | D:3      | You fall into a shaft and drop 2 floors!
  3245 | D:5      | Entered Level 5 of the Dungeon
  3248 | D:5      | Found a runed translucent door.
  3251 | D:5      | Noticed beardedkeet's ghost (novice MiBe)
  3274 | D:4      | Identified the +5 great sword of the Viper {flame, rC+ rN+
                  | Str-4}
  3292 | D:4      | Found a staircase to the Ecumenical Temple.
  3518 | D:4      | Reached XP level 6. HP: 45/45 MP: 11/15
  3693 | D:4      | Learned a level 4 spell: Iskenderun's Mystic Blast
  3928 | D:3      | Killed Robin
  4822 | D:5      | Reached skill level 6 in Conjurations
  5054 | D:5      | Identified the +0 leather armour of Mysticism {rC+ Int+4}
  5142 | D:5      | Reached XP level 7. HP: 50/50 MP: 8/17
  5378 | D:6      | Noticed Pikel
  5381 | D:6      | Reached skill level 1 in Armour
  5420 | D:6      | Noticed Maggie
  5440 | D:6      | Killed Maggie
  5441 | D:6      | Reached skill level 5 in Spellcasting
  5903 | D:6      | Reached skill level 7 in Conjurations
  5903 | D:6      | Reached XP level 8. HP: 57/57 MP: 11/20
  6076 | D:6      | Noticed Menkaure
  6079 | D:6      | Killed Menkaure
  6621 | D:6      | Killed Pikel
  6622 | D:6      | Reached skill level 8 in Conjurations
  6724 | D:6      | Reached XP level 9. HP: 62/62 MP: 14/23
  6779 | D:6      | Found a runed translucent gate.
  6780 | D:6      | Found a runed translucent gate.
  6781 | D:6      | Found a runed translucent gate.
  6921 | D:6      | Noticed fedoskokos's ghost (novice FoHu)
  7622 | D:6      | Killed fedoskokos's ghost
  7623 | D:6      | Reached skill level 9 in Conjurations
  7891 | D:5      | Killed beardedkeet's ghost
  8371 | D:7      | Learned a level 6 spell: Iron Shot
  8634 | D:7      | Reached skill level 1 in Earth Magic
  8791 | D:7      | Found Ywatwup's Distillery.
  9263 | D:8      | Noticed Grum
  9271 | D:8      | Killed Grum
  9274 | D:8      | Reached XP level 10. HP: 37/69 MP: 7/26
  9684 | D:8      | Reached skill level 10 in Conjurations
 10023 | D:8      | Identified the +1 flail of Virtue {freeze, Str+5}
 10552 | D:9      | Found a staircase to the Lair.
 10683 | D:9      | Reached skill level 5 in Earth Magic
 11757 | D:10     | Entered Level 10 of the Dungeon
 11761 | D:10     | Found a flagged portal.
 11773 | Bailey   | Entered a bailey
 12138 | Bailey   | Noticed an orc knight
 12155 | Bailey   | Killed an orc knight
 13203 | D:10     | Identified the +8 war axe of Wetat {elec, Will+}
 13338 | D:10     | Found Ubo Kego's Weapon Shop.
 13485 | D:10     | Found a staircase to the Orcish Mines.
 13494 | D:10     | Reached XP level 11. HP: 74/74 MP: 24/28
 14218 | D:10     | Reached skill level 11 in Conjurations
 14545 | D:11     | Noticed a two-headed ogre
 14566 | D:11     | Annihilated by a two-headed ogre

Illustrated notes

Levels and vault maps discovered:
D:1:      spicycebolla_green_bress_n_ham, layout_basic, reono_crystal_passage,
          chequers_serial_rivers_marsh, skrybe_limestone_x
D:2:      layout_basic
D:3:      layout_basic, fedhas_altar_4, ebering_ecumenical_altar_webs,
          kennysheep_another_room, uniq_sigmund, uniq_terence, uniq_robin
D:4:      layout_basic, mainiacjoe_overflow_tiny_flanked,
          minmay_temple_entry_grid, kennysheep_crisscross
D:5:      layout_rooms, nicolae_dithmenos_the_darkroom, general_overflow_altar,
          mainiacjoe_overflow_24_doors, elyvilon_altar_3, ebering_ghost_sewer_d
D:6:      nicolae_cairo_tiling, layout_layer_cave, overflow_temple_1_default,
          gammafunk_ghost_necromancy, kennysheep_small_circle, uniq_pikel,
          uniq_maggie, uniq_menkaure
D:7:      layout_basic, serial_shops, kennysheep_little_box, minmay_crystal_room
D:8:      layout_rooms, kennysheep_generic_room_10, uniq_grum
D:9:      layout_gridville, kennysheep_mini, erik_lair_island
D:10:     layout_rooms, orc_david_3, enter_bailey_6
D:11:     layout_rooms

Skill      XL: |  1  2  3  4  5  6  7  8  9 10 11 |
---------------+----------------------------------+-----
Spellcasting   | 2 3 4 5 7 8 9 |  9.6
Conjurations   | 4 5 6 7 8 9 10 11 | 11.0
Armour         | 3 4 |  4.0
Earth Magic    | 2 6 7 |  7.6
Dodging        | |  1.7
Stealth        | |  1.7

Action                     |  1- 3 |  4- 6 |  7- 9 | 10-12 || total
---------------------------+-------+-------+-------+-------++-------
  Melee: Unarmed           |     4 |       |       |       ||     4
         Great sword       |       |       |    27 |     9 ||    36
   Cast: Magic Dart        |   114 |    73 |    86 |   136 ||   409
         Searing Ray       |     5 |    12 |    45 |    65 ||   127
         Iskenderun's Myst |       |       |    25 |    54 ||    79
  Evoke: Wand              |       |       |       |     2 ||     2
    Use: Potion            |       |       |     3 |       ||     3
         Scroll            |       |       |     8 |     4 ||    12
 Armour: Robe              |       |     2 |       |       ||     2
         Leather armour    |       |       |    31 |    20 ||    51
  Dodge: Dodged            |     5 |     8 |    63 |    72 ||   148
